 Dungeon Sprint DCSS version 0.16-a0-3643-g096a701 (webtiles) character file.

305 BluebellGnoll the Eclecticist (level 9, -1/47 (48) HPs)
             Began as a Spriggan Enchanter on Jan 16, 2015.
             Was a High Priest of Vehumet.
             Slain by a reaper
             ... wielding a +2 scythe of flaming
             ... summoned by a guardian mummy's death curse
              (6 damage)
             ... in the Dungeon (Sprint VI: "Thunderdome").
             The game lasted 00:23:16 (1466 turns).

BluebellGnoll the Eclecticist (Spriggan Enchanter)  Turns: 1466, Time: 00:23:17

HP:   -1/47 (48)    AC:  4    Str:  4    XL:     9   Next: 62%
MP:   17/55         EV: 32    Int: 23    God:    Vehumet [*****.]
Gold: 138           SH:  0    Dex: 20    Spells: 9 memorised, 13 levels left

rFire  . . .     SeeInvis +     a - +1 dagger
rCold  + . .     Clarity  .     b - +1 robe
rNeg   + . .     SustAb   .     (shield restricted)
rPois  .         Gourm    .     (helmet restricted)
rElec  +         Spirit   .     v - +0 cloak "Xocken" {+Fly rElec rCorr Slay+4}
rCorr  +         Warding  .     (gloves unavailable)
rMut   .         Stasis   +     (boots unavailable)
MR     ++...                    o - amulet of the Exiled Planets {Stasis +Inv MP+9}
Stlth  +++++.....               q - ring of Peace {rN+ MR+ HP+9 MP+9 Int+4 SInv}
                                p - ring "Shoazi" {rC+ MP+9 Dex+3 SInv}

@: very quick, very resistant to hostile enchantments, quite stealthy
A: unfitting armour, see invisible, herbivore 3, speed 3, slow metabolism 2
a: Renounce Religion, Evoke Invisibility, Evoke Flight
}: 1/15 runes: serpentine


You were in the Dungeon.
You worshipped Vehumet.
Vehumet was extremely pleased with you.
You were not hungry.

You visited 1 branch You collected 650 gold pieces.
You spent 512 gold pieces at shops.

Inventory:

Hand weapons
 a - a +1 dagger (weapon)
Armour
 b - a +1 robe (worn)
 v - the +0 cloak "Xocken" (worn) {+Fly rElec rCorr Slay+4}
   (You bought it in a shop in the Dungeon)

   It affects your accuracy and damage with ranged weapons and melee attacks
   (+4).
   It insulates you from electricity.
   It lets you fly.
   It protects you from acid and corrosion.
Jewellery
 o - the amulet of the Exiled Planets (around neck) {Stasis +Inv MP+9}
   (You bought it in a shop in the Dungeon)

   [amulet of stasis]

   It prevents you from being teleported, slowed, hasted or paralysed.
   It affects your magic capacity (+9).
   It lets you turn invisible.
 p - the ring "Shoazi" (left hand) {rC+ MP+9 Dex+3 SInv}
   (You bought it in a shop in the Dungeon)

   [ring of protection from cold]

   It affects your dexterity (+3).
   It protects you from cold.
   It affects your magic capacity (+9).
   It enhances your eyesight.
 q - the ring of Peace (right hand) {rN+ MR+ HP+9 MP+9 Int+4 SInv}
   (You bought it in a shop in the Dungeon)

   [ring of protection from magic]

   It affects your intelligence (+4).
   It protects you from negative energy.
   It affects your resistance to hostile enchantments.
   It affects your health (+9).
   It affects your magic capacity (+9).
   It enhances your eyesight.
 t - the ring of No Interval {+Rage rElec rC+ MR+ HP-9 MP+9 Int+5}
   (You bought it in a shop in the Dungeon)

   [ring of magical power]

   It affects your intelligence (+5).
   It protects you from cold.
   It insulates you from electricity.
   It affects your resistance to hostile enchantments.
   It affects your health (-9).
   It affects your magic capacity (+9).
   It lets you go berserk.
Magical devices
 k - a wand of cold (4)
 l - a wand of fire (4)
 r - a wand of frost (26)
Scrolls
 j - 4 scrolls of blinking
 m - 3 scrolls of fog
Potions
 e - a potion of curing
 f - 3 potions of heal wounds
 g - 4 potions of haste
 h - 2 potions of magic
 i - a potion of berserk rage
 n - a potion of resistance
 s - 2 potions of flight {unknown}
 u - a potion of ambrosia {unknown}
Books
 c - a book of Maledictions

   Spells                             Type                      Level
   a - Corona                         Hexes                        1
   b - Sure Blade                     Hexes/Charms                 2
   c - Ensorcelled Hibernation        Hexes/Ice                    2
   d - Confuse                        Hexes                        3
   e - Dazzling Spray                 Conjuration/Hexes            3
   f - Enslavement                    Hexes                        4
Comestibles
 d - a bread ration


   Skills:
 - Level 5.2 Short Blades
 * Level 14.7 Dodging
 - Level 8.2 Stealth
 + Level 15.6 Spellcasting
 - Level 7.4 Conjurations
 - Level 8.0 Hexes
 * Level 8.1 Evocations


You had 13 spell levels left.
You knew the following spells:

 Your Spells              Type           Power        Failure   Level  Hunger
a - Corona                Hex            ######.      1%          1    None
b - Ensorcelled Hibernat  Hex/Ice        #####.       1%          2    None
c - Confuse               Hex            ######..     1%          3    None
d - Sure Blade            Hex/Chrm       #####.....   1%          2    None
e - Dazzling Spray        Conj/Hex       ######..     1%          3    None
f - Conjure Flame         Conj/Fire      #####...     1%          3    None
g - Iskenderun's Mystic   Conj           ######..     1%          4    None
h - Sticky Flame          Conj/Fire      #####...     2%          4    None
i - Enslavement           Hex            ######..     1%          4    None


Dungeon Overview and Level Annotations

Branches:
Dungeon (1/1)

Altars:
Cheibriados
Dithmenos
Elyvilon
Fedhas
Gozag
Kikubaaqudgha
Makhleb
Nemelex Xobeh
Okawaru
Qazlal
Ru
Sif Muna
Trog
Vehumet
Xom
Yredelemnul
Zin
The Shining One
Jiyva
Lugonu

Shops:
D *[%??*?*:[((!!!!


Innate Abilities, Weirdness & Mutations

You are tiny and cannot use many weapons and most armour.
You have supernaturally acute eyesight.
You are a herbivore.
You cover ground extremely quickly.
You need consume almost no food.


Message History

Casting: Iskenderun's Mystic Blast
Confirm with . or Enter, or press ? or * to list all spells.
Aiming: Iskenderun's Mystic Blast
Press: ? - help, Shift-Dir - straight line, f/p - reaper
Aim: a reaper, wielding a scythe of flaming (summoned)
The orb of energy hits the reaper.
The reaper is lightly wounded.
The orb of energy explodes!
Casting: Iskenderun's Mystic Blast
Confirm with . or Enter, or press ? or * to list all spells.
Aiming: Iskenderun's Mystic Blast
Press: ? - help, Shift-Dir - straight line, f/p - reaper
Aim: a reaper, wielding a scythe of flaming (summoned)
The orb of energy hits the reaper.
The reaper is moderately wounded.
The reaper hits you from afar with a scythe of flaming!!!
Ouch! That really hurt!
* * * LOW HITPOINT WARNING * * *
The reaper burns you.
You die...

#⌠..........M⌠#
######.8.........8.######
##∩___.M....###......___∩##
##∩........8.# #.8........∩###
....).)......###.............##
..........###..M###..........⌠#
[...M.....# #.2.# #..........[#
.....)....###...###.....)....⌠#
..÷....)....(###@............##
##∩........8.# #.8........∩###
##∩___......###......__.∩##
######.8.........8.######
#⌠....[......⌠# ###.........###
#...).).._# #_........#
#_......._#


You could see a reaper and a guardian mummy.

Vanquished Creatures
  A naga warrior (D)
  A shock serpent (D)
  A naga mage (D)
  A kobold demonologist (D)
  3 guardian mummies (D)
  2 shadows (D)
  A water moccasin (D)
  4 big kobolds (D)
  Sigmund (D)
  Blork the orc (D)
  3 orc priests (D)
  Jessica (D)
  An adder (D)
  A giant gecko (D)
  2 orcs (D)
  A giant cockroach (D)
  A hobgoblin (D)
  2 ball pythons (D)
  2 bats (D)
  A giant newt (D)
  2 kobolds (D)
33 creatures vanquished.

Notes
Turn   | Place    | Note
--------------------------------------------------------------
     0 | D        | BluebellGnoll, the Spriggan Enchanter, began the quest for the Orb.
     0 | D        | Reached XP level 1. HP: 9/9 MP: 4/4
     1 | D        | Found an iron altar of Okawaru.
     1 | D        | Found a viscous altar of Jiyva.
     2 | D        | Found a blossoming altar of Fedhas.
     2 | D        | Found a shimmering altar of Xom.
     3 | D        | Found an opulent altar of Gozag.
     4 | D        | Found Qapi's Jewellery.
     4 | D        | Found Huewyo's Bee Food.
     4 | D        | Found a basalt altar of Yredelemnul.
     4 | D        | Found a glowing golden altar of the Shining One.
     5 | D        | Found Udweopp's Advanced Armour.
     5 | D        | Found a radiant altar of Vehumet.
     5 | D        | Found Qiato's Identification Station.
     9 | D        | Round 1.
    11 | D        | Became a worshipper of Vehumet
    19 | D        | Bought a heavily runed crystal amulet for 45 gold pieces
    19 | D        | Bought a transparent brass ring for 45 gold pieces
    19 | D        | Bought a steaming lead ring for 45 gold pieces
    19 | D        | Identified the amulet of the Exiled Planets {Stasis +Inv MP+9} (You bought it in a shop in the Dungeon)
    20 | D        | Identified the ring "Shoazi" {rC+ MP+9 Dex+3 SInv} (You bought it in a shop in the Dungeon)
    21 | D        | Identified the ring of Peace {rN+ MR+ HP+9 MP+9 Int+4 SInv} (You bought it in a shop in the Dungeon)
    34 | D        | Found an ancient bone altar of Kikubaaqudgha.
    34 | D        | Found a burning altar of Makhleb.
    35 | D        | Found a sacrificial altar of Ru.
    35 | D        | Found a shadowy altar of Dithmenos.
    36 | D        | Found a snail-covered altar of Cheibriados.
    36 | D        | Found a corrupted altar of Lugonu.
    37 | D        | Found Mouwes' Distillery.
    37 | D        | Found Mnubosig's Distillery.
    37 | D        | Found a sparkling altar of Nemelex Xobeh.
    37 | D        | Found a deep blue altar of Sif Muna.
    38 | D        | Found Heut's Bottled Wisdom.
    38 | D        | Found Vaiwih's Do-It-Yourself Clinic.
    42 | D        | Noticed Sigmund
    43 | D        | Killed Sigmund
    43 | D        | Reached skill level 8 in Stealth
    43 | D        | Reached XP level 2. HP: 13/13 MP: 7/9
    43 | D        | Reached XP level 3. HP: 16/16 MP: 7/12
    43 | D        | Reached XP level 4. HP: 21/21 MP: 7/15
    48 | D        | Learned a level 2 spell: Ensorcelled Hibernation
    52 | D        | Learned a level 3 spell: Confuse
    56 | D        | Learned a level 3 spell: Dazzling Spray
    59 | D        | Learned a level 2 spell: Sure Blade
    77 | D        | Found Dutew's Staff Store.
    78 | D        | Found Sabod's Must-Have Magic.
    80 | D        | Found Sosebra's Magic Scroll Shop.
    80 | D        | Found Kagadaurio's Magic Scroll Shop.
    92 | D        | Found a white marble altar of Elyvilon.
    93 | D        | Found a bloodstained altar of Trog.
    93 | D        | Found Pheis' Premium Goods.
    94 | D        | Found Bazotooq's Miscellaneous Merchandise.
    95 | D        | Found a glowing silver altar of Zin.
    96 | D        | Found a stormy altar of Qazlal.
    96 | D        | Found Phyocheh's Weapon Rack.
    96 | D        | Found Baodag's Basic Armour.
   102 | D        | Acquired Vehumet's first power
   102 | D        | Offered knowledge of Flame Tongue by Vehumet.
   102 | D        | Reached skill level 5 in Spellcasting
   178 | D        | Noticed Jessica
   187 | D        | Killed Jessica
   233 | D        | Arena points: 14 (+14) [x2]
   288 | D        | Bought a translucent silver ring for 45 gold pieces
   289 | D        | Identified the ring of No Interval {+Rage rElec rC+ MR+ HP-9 MP+9 Int+5} (You bought it in a shop in the Dungeon)
   312 | D        | Round 2.
   357 | D        | Offered knowledge of Throw Frost by Vehumet.
   521 | D        | Acquired Vehumet's second power
   521 | D        | Arena points: 56 (+42) [x3]
   619 | D        | Round 3.
   626 | D        | Noticed Blork the orc
   642 | D        | Offered knowledge of Conjure Flame by Vehumet.
   642 | D        | Reached skill level 5 in Dodging
   642 | D        | Reached XP level 5. HP: 24/24 MP: 21/21
   674 | D        | Killed Blork the orc
   674 | D        | Reached skill level 9 in Spellcasting
   682 | D        | Acquired Vehumet's third power
   685 | D        | Reached skill level 10 in Spellcasting
   688 | D        | Arena points: 140 (+84) [x4]
   716 | D        | Learned a level 3 spell: Conjure Flame
   718 | D        | Round 4.
   731 | D        | Offered knowledge of Iskenderun's Mystic Blast by Vehumet.
   731 | D        | Reached skill level 10 in Dodging
   731 | D        | Reached XP level 6. HP: 28/28 MP: 26/26
   737 | D        | Learned a level 4 spell: Iskenderun's Mystic Blast
   753 | D        | Offered knowledge of Sticky Flame by Vehumet.
   753 | D        | Reached skill level 5 in Short Blades
   753 | D        | Reached skill level 11 in Dodging
   759 | D        | Learned a level 4 spell: Sticky Flame
   792 | D        | Noticed a kobold demonologist
   805 | D        | Killed a kobold demonologist
   805 | D        | Offered knowledge of Olgreb's Toxic Radiance by Vehumet.
   805 | D        | Reached skill level 12 in Dodging
   805 | D        | Reached XP level 7. HP: 32/32 MP: 29/29
   948 | D        | Arena points: 280 (+140) [x5]
   962 | D        | Bought a heavily runed cloak for 332 gold pieces
   967 | D        | Identified the +0 cloak "Xocken" {+Fly rElec rCorr Slay+4} (You bought it in a shop in the Dungeon)
  1040 | D        | Round 5.
  1044 | D        | Noticed a shock serpent
  1049 | D        | Killed a shock serpent
  1049 | D        | Reached XP level 8. HP: 36/36 MP: 30/30
  1055 | D        | Learned a level 4 spell: Enslavement
  1091 | D        | Noticed Aizul
  1109 | D        | Noticed a naga warrior
  1131 | D        | Killed a naga warrior
  1131 | D        | Reached skill level 13 in Dodging
  1131 | D        | Reached skill level 14 in Spellcasting
  1131 | D        | Reached skill level 5 in Evocations
  1131 | D        | Reached XP level 9. HP: 29/39 MP: 29/33
  1138 | D        | Noticed a naga mage
  1148 | D        | Killed a naga mage
  1168 | D        | Noticed a salamander
  1182 | D        | Arena points: 305 (+25) [x1]
  1184 | D        | Got a serpentine rune of Zot
  1387 | D        | Round 6.
  1405 | D        | Reached skill level 15 in Spellcasting
  1442 | D        | Offered knowledge of Lightning Bolt by Vehumet.
  1442 | D        | Noticed a reaper
  1453 | D        | Noticed a mummy priest
  1466 | D        | Slain by a reaper

Action                   |  1- 3 |  4- 6 |  7- 9 || total
-------------------------+-------+-------+-------++-------
Melee: Dagger            |     1 |    66 |    56 ||   123
 Cast: Corona            |       |     8 |     1 ||     9
       Ensorcelled Hiber |       |     7 |       ||     7
       Confuse           |       |     9 |    26 ||    35
       Iskenderun's Myst |       |       |     7 ||     7
       Dazzling Spray    |       |       |    14 ||    14
Evoke: Wand              |     1 |     1 |       ||     2
  Use: Potion            |       |       |     2 ||     2
 Stab: Confused          |       |    11 |    14 ||    25
       Sleeping          |       |     3 |       ||     3
       Invisible         |       |       |     3 ||     3
